 Dungeon Crawl Stone Soup version 0.29.0-15-g675c0067aa (webtiles) character file.

Game seed: 17531596475021933287

7 qw the Sneak (level 2, -5/19 HPs)
             Began as a Gargoyle Delver on Sept 11, 2022.
             Splashed by a jelly's acid (7 damage)
             ... on level 5 of the Dungeon.
             The game lasted 00:00:01 (99 turns).

qw the Sneak (Gargoyle Delver)                        Turns: 99, Time: 00:00:02

Health: -5/19      AC: -2    Str: 15    XL:     2   Next: 4%
Magic:  2/2        EV: 11    Int: 10    God:
Gold:   0          SH:  0    Dex: 11    Spells: 1/1 levels left

rFire   . . .      SeeInvis .   a - +0 hand axe
rCold   . . .      Faith    .   (no shield)
rNeg    + . .      Spirit   .   b - +0 leather armour
rPois   inf        Reflect  .   (no helmet)
rElec   +          Harm     .   (no cloak)
rCorr   .          Rampage  .   (no gloves)
Will    .....                   (no boots)
Stlth   +++.......              (no amulet)
HPRegen 0.06/turn               (no ring)
MPRegen 0.08/turn               (no ring)

@: corroded
A: sickness immunity, AC +2, negative energy resistance 1, electricity
resistance, torment resistance 1, petrification resistance
a: no special abilities


You were on level 5 of the Dungeon.
You visited 1 branch of the dungeon, and saw 1 of its levels.


Innate Abilities, Weirdness & Mutations

You are immune to sickness and miasma.
Your stone body is resilient. (AC +2)
You are immune to poison.
You resist negative energy. (rN+)
You are resistant to electric shocks. (rElec)
You are resistant to unholy torment.
You are immune to petrification.


   Skills:
 - Level 3.2 Fighting
 + Level 2.4 Axes
 - Level 1.5 Dodging
 - Level 5.4 Stealth


You had one spell level left.
You didn't know any spells.
Your spell library was empty.

Inventory:

Hand Weapons
 a - a +0 hand axe (weapon)
Armour
 b - a +0 leather armour (worn)
Wands
 g - a wand of digging (3)
Scrolls
 c - a scroll of fog
 d - a scroll of magic mapping
 e - a scroll of fear
 h - a scroll of identify {unknown}
Potions
 f - a potion of haste

Dungeon Overview and Level Annotations

Branches:
Dungeon (5/15)
 Temple: D:4-7

Altars:


Message History

A jelly comes into view.
Found a spear.
The white imp shouts, "Decamp, thou mewling tip-merry pustule!"
The jelly quivers.
You closely miss the white imp. The white imp misses you.
You barely miss the white imp. The white imp closely misses you.
You hit the white imp.
The white imp is moderately wounded.
The white imp closely misses you.
You hit the white imp.
The white imp is heavily wounded.
The white imp gestures at you. The puff of frost hits you.
You hit the white imp.
You kill the white imp!
The jelly hits you but does no damage.
Your Axes skill increases to level 2!
You have reached level 2!
You hit the jelly. The acid corrodes you!
Your hands burn!
The jelly is moderately wounded.
You barely miss the dart slug. The jelly hits you but does no damage.
The dart slug launches a dart at you. The slug dart misses you.
You hit the jelly.
Your hands burn!
The jelly is heavily wounded.
You hit the dart slug. The jelly hits you but does no damage.
You hit the jelly.
Your hands burn!
The jelly is almost dead.
You hit the dart slug. The jelly barely misses you.
The dart slug launches a dart at you. The slug dart hits you.
You hit the jelly. The acid corrodes you!
Your hands burn!
The jelly is almost dead.
You hit the dart slug but do no damage. The jelly hits you.
You are splashed with acid!
You die...

.#.# ......
...##.)....
#.......... ..
#..#.......
##.##..#.?.....
............## .
..##.J.....<#.##
.....#@.##.....#
#.#.#w.........
#..............
....##...)##....#
#.........#....?.
....####....#..
#.....#.#...## ##
....##.......###..#
#.#................


You could see a jelly and a dart slug.

Vanquished Creatures
  A white imp (D:5)
1 creature vanquished.

Notes
Turn   | Place    | Note
-------+----------+-------------------------------------------
     0 | D:5      | qw the Gargoyle Delver began the quest for the Orb.
     0 | D:5      | Reached XP level 1. HP: 14/14 MP: 1/1
     0 | D:5      | 0 ||| qw: Version: 0.1-a-117-gfe26ee0
     0 | D:5      | 0 ||| qw: Game counter: 10030
     0 | D:5      | 0 ||| qw: Always use a shield: true
     0 | D:5      | 0 ||| qw: God list: Okawaru
     0 | D:5      | 0 ||| qw: Allow faded altars: false
     0 | D:5      | 0 ||| qw: Do Orc after D:15 true
     0 | D:5      | 0 ||| qw: Do second Lair branch before Depths: true
     0 | D:5      | 0 ||| qw: Lair rune preference: random
     0 | D:5      | 0 ||| qw: Plans: Normal
     0 | D:5      | 0 ||| PLANNING D:1-11
    12 | D:5      | 12 ||| Stepping ~*~*~tactically~*~*~ (hiding).
    87 | D:5      | 87 ||| FLEEEEING.
    88 | D:5      | 88 ||| Stepping ~*~*~tactically~*~*~ (hiding).
    89 | D:5      | Noticed a jelly
    96 | D:5      | Reached XP level 2. HP: 14/19 MP: 2/2
    99 | D:5      | HP: 3/19 [acid (2)]
    99 | D:5      | Splashed by a jelly's acid

Levels and vault maps discovered:
D:5:      nicolae_cairo_tiling_large_dashed, layout_cave_pools, serial_shops,
          nicolae_shop_window_shopping, hangedman_decor_diamond_cutter,
          uniq_grinder

Skill      XL: |  1 |
---------------+----+-----
Axes           | 2 |  2.4
Fighting       | |  3.2
Dodging        | |  1.5
Stealth        | |  5.4

Action                   || total
-------------------------++-------
Melee: Hand axe          ||     9
Armor: Leather armour    ||     3
Dodge: Dodged            ||     5

Table legend:
 A = Non-vault XP
 B = Vault XP
 C = Vault XP percentage of total XP
 D = Non-vault monster count
 E = Vault monster count
 F = Vault count percentage of total count
                 A         B        C        D         E       F
            +---------+---------+-------+---------+---------+-------
      Total |      11 |       0 |   0.0 |       1 |       0 |   0.0
            +---------+---------+-------+---------+---------+-------
        D:5 |      11 |       0 |   0.0 |       1 |       0 |   0.0
            +---------+---------+-------+---------+---------+-------
